AoeStats
← King PbZER4

Arabia

509521504Analyzed
2v2 RM · 5d ago on Sep 27, 2026· 42m 27s· 4 players
Game mode
Random Map
Map size
Medium (4 player)
Population
200
Speed
Normal
Resources
Standard
Victory
Conquest
Starting age
Dark Age
Ending age
Imperial Age
RankedLock teamsTeams togetherTeam positionsShared explorationLock speedFull tech treeHidden civsTurbo modeCheats
Victory
Defeat
🇦🇷 Britons · Argentina
1207
+13
🇦🇷 Spanish · Argentina
1115
+18
🇦🇷 Italians · Argentina
1151
-16
🇨🇴 Mongols · Colombia
1140
-15
TikiTiki95
8:19 Loom
10:45 Feudal Age
14:16 Padded Archer Armor
14:46 Horse Collar
21:43 Castle Age
19:36 Fletching
20:07 Double-Bit Axe
21:58 Crossbowman
23:31 Bodkin Arrow
26:54 Leather Archer Armor
Caosp(A)nk
4:55 Loom
10:08 Feudal Age
12:48 Double-Bit Axe
16:40 Bloodlines
17:29 Wheelbarrow
20:52 Scale Barding Armor
26:24 Castle Age
24:51 Fletching
25:57 Gold Mining
26:29 Padded Archer Armor
26:28 Pikeman
28:30 Bodkin Arrow
29:53 Chain Barding Armor
31:20 Husbandry
35:43 Hand Cart
35:15 Town Watch
36:08 Leather Archer Armor
36:41 Gold Mining
36:32 Horse Collar
39:39 Town Patrol
40:21 Ballistics
King PbZER4
7:12 Loom
9:22 Feudal Age
9:52 Double-Bit Axe
10:01 Loom
13:57 Fletching
22:38 Castle Age
21:47 Padded Archer Armor
24:19 Wheelbarrow
23:55 Bow Saw
23:16 Crossbowman
23:56 Bodkin Arrow
27:28 Leather Archer Armor
35:40 Imperial Age
37:23 Two-Man Saw
36:49 Ballistics
37:29 Chemistry
37:16 Hand Cart
36:46 Town Watch
36:33 Arbalester
37:42 Gold Mining
39:12 Bracer
39:43 Ring Archer Armor
41:57 Cranequins
BlazeV8
4:47 Loom
7:48 Loom
10:24 Feudal Age
19:00 Horse Collar
21:57 Castle Age
21:00 Bloodlines
21:23 Forging
21:21 Scale Barding Armor
21:35 Double-Bit Axe
22:48 Husbandry
23:36 Forging
25:17 Stone Mining
29:07 Chain Barding Armor
32:20 Heavy Plow
34:35 Iron Casting
36:08 Wheelbarrow
39:36 Hand Cart
43:53 Imperial Age
42:46 Bow Saw
42:42 Fletching
Connection lost

Rejoining the realm…

Still unreachable

The connection could not be restored.

Session expired

The server has moved on; the page needs a fresh start.